 Dungeon Crawl Stone Soup version 0.29-a0-330-g52719c12eb (webtiles) character file.

Game seed: 2006404754803719195

405 Ajdolov the Chiller (level 6, -8/28 HPs)
             Began as a Vine Stalker Ice Elementalist on Apr 16, 2022.
             Mangled by a manticore (10 damage)
             ... on level 6 of the Dungeon.
             The game lasted 00:07:10 (3400 turns).

Ajdolov the Chiller (Vine Stalker Ice Elementalist) Turns: 3400, Time: 00:07:10

Health: -8/28      AC:  9    Str: 10    XL:     6   Next: 87%
Magic:  0/13       EV: 12    Int: 17    God:
Gold:   177        SH:  0    Dex: 15    Spells: 6/13 levels left

rFire   . . .      SeeInvis .   r - +0 falchion
rCold   . . .      Faith    .   (no shield)
rNeg    . . .      Spirit   +   a - +0 robe
rPois   .          Reflect  .   (no helmet)
rElec   .          Harm     .   (no cloak)
rCorr   .          Rampage  .   (no gloves)
Will    .....                   (no boots)
Stlth   ++........              (no amulet)
HPRegen 0.89/turn               (no ring)
MPRegen 0.13/turn               (no ring)

@: ice-armoured, spiked, freezing walls
A: fangs 2, regeneration 1, magic shield, antimagic bite, no potion heal 2
a: no special abilities


You were on level 6 of the Dungeon.
You visited 1 branch of the dungeon, and saw 5 of its levels.

You collected 177 gold pieces.

Inventory:

Hand Weapons
 e - a +0 spear
 r - a +0 falchion (weapon)
Armour
 a - a +0 robe (worn)
 m - the +3 scale mail of Koreiq {rCorr Dex+3 Stlth+}
   (You found it on level 2 of the Dungeon)

   Dex:       It affects your dexterity (+3).
   rCorr:     It protects you from acid and corrosion.
   Stlth:     It makes you more stealthy.
 p - a +0 buckler
Jewellery
 d - a +4 ring of evasion
 o - a ring of poison resistance
Wands
 q - a wand of acid (6)
Scrolls
 f - 5 scrolls of identify {unknown}
 h - 2 scrolls of teleportation {unknown}
 i - 2 scrolls of summoning {unknown}
 j - a scroll of immolation {unknown}
 k - a scroll of amnesia {unknown}
 l - 2 scrolls of magic mapping {unknown}
Potions
 b - a potion of magic
 c - 2 potions of brilliance {unknown}
 g - a potion of degeneration {unknown}
 n - a potion of ambrosia {unknown}


   Skills:
 * Level 1.3 Long Blades
 - Level 1.5 Dodging
 - Level 2.4 Stealth
 + Level 4.3 Spellcasting
 + Level 6.7 Ice Magic


You had 6 spell levels left.
You knew the following spells:

 Your Spells              Type           Power      Damage    Failure   Level
a - Freeze                Ice            100%       1d11      1%          1
b - Frozen Ramparts       Ice            52%        1d7       3%          3
c - Ozocubu's Armour      Ice            26%        N/A       3%          3

Your spell library contained the following spells:

 Spells                   Type           Power      Damage    Failure   Level
 Pain                     Necr           12%        1d4       16%         1
 Hailstorm                Conj/Ice       15%        3d5       36%         4
 Ignite Poison            Fire/Tmut/Pois 3%         N/A       41%         3
 Mephitic Cloud           Conj/Pois/Air  3%         N/A       41%         3
 Freezing Cloud           Conj/Ice/Air   5%         6-21      86%         5


Dungeon Overview and Level Annotations

Branches:
Dungeon (4/15)
 Temple: D:4-7

Altars:

Annotations:
D:4 Dowan, Duvessa


Innate Abilities, Weirdness & Mutations

You have extremely sharp teeth.
Your natural rate of healing is unusually fast.
When hurt, damage is shared between your health and your magic reserves.
Your bite disrupts and absorbs the magic of your enemies.
Potions cannot restore your health.


Message History

The manticore flicks its tail.
The volley of spikes hits you!!
The barbed spikes become lodged in your body.
Ouch! That really hurt!
Unknown command.
Casting: Frozen Ramparts (dangerous; 3% risk of failure)
Confirm with . or Enter, or press ? or * to list all spells.
Casting: Frozen Ramparts (dangerous; 3% risk of failure)
Press: ? - help, Dir - look around, f - activate The walls around you are covered in ice.
Casting: Frozen Ramparts (dangerous; 3% risk of failure)
Confirm with . or Enter, or press ? or * to list all spells.
A film of ice covers your body!
The wall freezes the water moccasin. x2
The water moccasin seems to slow down.
Unknown command.
You barely miss the water moccasin.
The water moccasin is moderately wounded.
The wall freezes the adder.
The adder bites you but does no damage.
The wall freezes the adder.
The adder seems to slow down.
The adder closely misses you.
The wall freezes the water moccasin.
The water moccasin bites you.
Unknown command.
Okay, then.
You hit the manticore but do no damage.
You bite the manticore, but do no damage.
The wall freezes the adder.
You kill the adder!
The wall freezes the water moccasin!
The water moccasin bites you but does no damage.
The wall freezes the manticore.
The manticore bites you. The manticore barely misses you. x2
You hit the manticore.
You bite the manticore, but do no damage.
The manticore is lightly wounded.
The wall freezes the water moccasin.
The water moccasin seems to slow down.
The water moccasin bites you.
The wall freezes the manticore.
The manticore bites you!
* * * LOW HITPOINT WARNING * * *
The manticore claws you!
You die...

.. ..# ... ..#
...##.. ....#..
.......##
...<....#
........##
#...†@#
#...HS..$....
.....###..#....#
..#. #......## #
# ##.......
#...... #....#
..##


You could see a manticore and a water moccasin (slow).

Vanquished Creatures
  An ogre (D:2)
  A scorpion (D:4)
  A hound (D:4)
  2 orc wizards (D:3)
  4 gnolls (D:3)
  5 adders
  A worm (D:4)
  5 dart slugs
  13 orcs (D:3)
  9 ball pythons
  A bat (D:3)
  5 endoplasms
  A giant cockroach (D:3)
  4 goblins
  9 hobgoblins
  6 kobolds
  2 quokkas
  3 frilled lizards (D:1)
  4 rats
77 creatures vanquished.

Vanquished Creatures (others)
  3 fungi (D:2)
  A plant (D:2)
4 creatures vanquished.

Grand Total: 81 creatures vanquished

Notes
Turn   | Place    | Note
-------+----------+-------------------------------------------
     0 | D:1      | Ajdolov the Vine Stalker Ice Elementalist began the quest
                  | for the Orb.
     0 | D:1      | Reached XP level 1. HP: 9/9 MP: 4/4
   177 | D:1      | Reached XP level 2. HP: 13/13 MP: 4/6
   792 | D:1      | Reached XP level 3. HP: 6/16 MP: 1/8
  1177 | D:2      | Noticed an ogre
  1518 | D:2      | Learned a level 3 spell: Frozen Ramparts
  1522 | D:2      | Learned a level 3 spell: Ozocubu's Armour
  1721 | D:2      | Killed an ogre
  1722 | D:2      | Reached skill level 5 in Ice Magic
  1722 | D:2      | Gained mutation: Your natural rate of healing is unusually
                  | fast. [Vine Stalker growth]
  1722 | D:2      | Reached XP level 4. HP: 21/21 MP: 2/10
  1722 | D:2      | Reached XP level 5. HP: 24/24 MP: 2/11
  1827 | D:2      | Found a faded altar of an unknown god.
  1832 | D:2      | Got Plato's Incunabulum of Unholy Arts
  1916 | D:2      | Identified the +3 scale mail of Koreiq {rCorr Dex+3 Stlth+}
  2260 | D:3      | Reached skill level 6 in Ice Magic
  2403 | D:3      | Reached XP level 6. HP: 27/28 MP: 8/12
  3329 | D:4      | Reached skill level 1 in Long Blades
  3394 | D:4      | Noticed Duvessa
  3394 | D:4      | Noticed Dowan
  3394 | D:4      | You fall into a shaft and drop 2 floors!
  3394 | D:6      | Noticed a manticore
  3394 | D:6      | Noticed a water moccasin
  3400 | D:6      | Mangled by a manticore

Illustrated notes

Levels and vault maps discovered:
D:1:      tarquinn_simple_flora_water_e, layout_rooms, minmay_3d_cube
D:2:      layout_rooms, shapermc_ecumenical_altar_rom_forum, st_stairs_6,
          minmay_misc_feat_rows
D:3:      layout_loops_ring
D:4:      layout_cave_pools, trog_ov_bears_minmay, minmay_temple_entry_grid,
          uniq_duvessa
D:6:      layout_cave_pools, kennysheep_mini_moat

Skill      XL: |  1  2  3  4  5  6 |
---------------+-------------------+-----
Spellcasting   | 3 4 |  4.3
Ice Magic      | 5 6 |  6.7
Long Blades    | 1 |  1.3
Dodging        | |  1.5
Stealth        | |  2.4

Action                   |  1- 3 |  4- 6 || total
-------------------------+-------+-------++-------
Melee: Spear             |    31 |    62 ||    93
       Bite              |     4 |    11 ||    15
       Unarmed           |     1 |       ||     1
       Punch             |     1 |       ||     1
       Falchion          |       |     6 ||     6
 Cast: Freeze            |    30 |    16 ||    46
       Frozen Ramparts   |     1 |    16 ||    17
       Ozocubu's Armour  |     1 |     2 ||     3
 Stab: Sleeping          |     5 |     3 ||     8
       Distracted        |     1 |       ||     1
Armor: Robe              |     6 |    10 ||    16
Dodge: Dodged            |    20 |    33 ||    53

Table legend: (Time is in decaauts)
 A = Elapsed time spent in this place.
 B = Non-inter-level travel time spent in this place.
 C = Inter-level travel time spent in this place.
 D = Time resting spent in this place.
 E = Time spent auto-exploring this place.
 F = Levels seen in this place.
 G = Mean time per level.
                   A        B        C        D        E       F      G
               +--------+--------+--------+--------+--------+-----+--------+
         Total |   3410 |   3306 |    104 |    423 |   2300 |   5 |  682.0 |
       Dungeon |   3410 |   3306 |    104 |    423 |   2300 |   5 |  682.0 |
               +--------+--------+--------+--------+--------+-----+--------+

Top non-repeatable levels by time:
     D:1: 1427 daAuts
     D:3: 1024 daAuts
     D:2: 757 daAuts
     D:4: 195 daAuts
     D:6: 6 daAuts
